 Dungeon Crawl Stone Soup version 0.21.1-1-g345015fe64 (webtiles) character file.

215043 Htamos the Wrestler (level 18, -41/268 HPs)
             Began as a Troll Monk on July 9, 2018.
             Annihilated by a vault warden
             ... wielding a +3 halberd
              (53 damage)
             ... on level 1 of the Vaults.
             The game lasted 02:44:08 (32075 turns).

Htamos the Wrestler (Troll Monk)                   Turns: 32075, Time: 02:44:09

Health: -41/268    AC: 29    Str: 26    XL:     18   Next: 32%
Magic:  26/26      EV:  1    Int: 11    God:
Gold:   366        SH: 15    Dex: 21    Spells: 3/17 levels left

rFire    + . .     SeeInvis .     - Unarmed
rCold    + . .     Gourm    +   s - +3 shield
rNeg     + + +     Faith    .   (armour currently unavailable)
rPois    +         Spirit   .   (helmet currently unavailable)
rElec    +         Reflect  .   (cloak currently unavailable)
rCorr    +         Harm     .   (gloves unavailable)
MR       ++...     NoTele   +   (boots unavailable)
Stlth    +.........             e - amulet of Peizei {Regen+ Int+5}
HPRegen  1.34/turn              O - ring of Udyczom {rElec MP+9 Dex+5 Stlth-}
MPRegen  0.20/turn              G - ring of protection from magic

@: tree-form (expiring), resistant, very slightly contaminated, studying Hexes,
invisible
A: large, unfitting armour, fast metabolism 3, gourmand, regeneration 1, wild
magic 1
}: 1/15 runes: serpentine
a: no special abilities


You were on level 1 of the Vaults.
You were hungry.
You were a tree.
You visited 7 branches of the dungeon, and saw 30 of its levels.
You also visited: Ossuary and Ice Cave.

You collected 2650 gold pieces.
You spent 2284 gold pieces at shops.

Inventory:

Hand Weapons
 I - a +3 scimitar of flaming
Missiles
 f - 896 stones
 T - 7 large rocks (quivered)
Armour
 i - a +0 troll leather armour (melded)
 q - a +2 cloak (melded)
 s - a +3 shield (worn)
 Q - a +2 hat (melded)
 U - a +0 troll leather armour
Jewellery
 e - the amulet of Peizei (around neck) {Regen+ Int+5}
   (You found it on level 6 of the Lair of Beasts)

   [amulet of regeneration]

   It affects your intelligence (+5).
   It increases your rate of regeneration.
 g - an uncursed ring of wizardry
 j - an uncursed amulet of faith
 n - the ring "Hemukaal" {rPois Dex+2 SInv}
   (You bought it in a shop on level 2 of the Snake Pit)

   [ring of poison resistance]

   It affects your dexterity (+2).
   It protects you from poison.
   It lets you see invisible.
 z - an uncursed ring of protection from cold
 D - a +3 ring of protection
 E - an uncursed ring of resist corrosion
 G - a ring of protection from magic (right branch)
 J - an uncursed ring of positive energy
 O - the ring of Udyczom (left branch) {rElec MP+9 Dex+5 Stlth-}
   (You bought it in a shop on level 2 of the Snake Pit)

   [ring of magical power]

   It affects your dexterity (+5).
   It insulates you from electricity.
   It affects your magic capacity (+9).
   It makes you less stealthy.
Wands
 m - a wand of disintegration (39)
 p - a wand of flame (60)
 w - a wand of paralysis (13)
 y - a wand of iceblast (23)
 H - a wand of digging (22)
 X - a wand of clouds (9)
Scrolls
 h - 10 scrolls of remove curse
 k - a scroll of identify
 A - 5 scrolls of fog
 C - 4 scrolls of enchant weapon
 K - 4 scrolls of magic mapping
Potions
 a - a potion of haste
 c - 7 potions of curing
 d - 2 potions of resistance
 r - 2 potions of magic
 t - 2 potions of invisibility
 v - 4 potions of brilliance
 x - 3 potions of cancellation
 B - 9 potions of flight
 L - a potion of lignification
 P - a potion of ambrosia
Books
 o - a book of Debilitation

   Spells                             Type                      Level
   a - Corona                         Hexes                        1
   b - Slow                           Hexes                        2
   c - Inner Flame                    Hexes/Fire                   3
   d - Portal Projectile              Hexes/Translocation          3
   e - Cause Fear                     Hexes                        4
   f - Leda's Liquefaction            Hexes/Earth                  4
 F - the Reference Book on Shifting Evil Rituals
   (You found it in an ice cave)

   Spells                             Type                      Level
   a - Animate Skeleton               Necromancy                   1
   b - Sticks to Snakes               Transmutation                2
   c - Excruciating Wounds            Charms/Necromancy            5
   d - Yara's Violent Unravelling     Hexes/Transmutation          5
   e - Blade Hands                    Transmutation                5
 R - a manual of Hexes
 S - a book of Maledictions

   Spells                             Type                      Level
   a - Corona                         Hexes                        1
   b - Ensorcelled Hibernation        Hexes/Ice                    2
   c - Confuse                        Hexes                        3
   d - Tukima's Dance                 Hexes                        3
   e - Dazzling Spray                 Conjuration/Hexes            3
 W - the Tome of the Dark Traveller
   (You found it on level 13 of the Dungeon)

   Spells                             Type                      Level
   a - Apportation                    Translocation                1
   b - Shroud of Golubria             Charms/Translocation         2
   c - Recall                         Summoning/Translocation      3
   d - Dispel Undead                  Necromancy                   5
   e - Simulacrum                     Ice/Necromancy               6
 Z - Hitobus's Handbook of Captivating Stones
   (You found it in an ice cave)

   Spells                             Type                      Level
   a - Ensorcelled Hibernation        Hexes/Ice                    2
   b - Summon Guardian Golem          Hexes/Summoning              3
   c - Fulminant Prism                Conjuration/Hexes            4
   d - Iron Shot                      Conjuration/Earth            6
Miscellaneous
 u - a lightning rod (4/4)
 M - a sack of spiders
 N - a fan of gales
 Y - a box of beasts
Comestibles
 b - 31 rations


   Skills:
 * Level 11.1 Fighting
 + Level 9.5 Armour
 - Level 8.0 Dodging
 - Level 1.0 Stealth
 - Level 9.0 Shields
 - Level 23.2 Unarmed Combat
 - Level 5.9 Hexes


You had 3 spell levels left.
You knew the following spells:

 Your Spells              Type           Power        Failure   Level  Hunger
a - Slow                  Hex            ###.....     8%          2    ###....
b - Confuse               Hex            ###.....     14%         3    ####...
c - Tukima's Dance        Hex            ###.....     14%         3    ####...
d - Cause Fear            Hex            ###.......   38%         4    #####..
e - Ensorcelled Hibernat  Hex/Ice        #.....       22%         2    ###....


Dungeon Overview and Level Annotations

Branches:
Dungeon (15/15)            Temple (1/1) D:6            Lair (6/6) D:9
  Swamp (0/4) Lair:2        Snake (4/4) Lair:2        Slime (1/5) Lair:5
    Orc (2/2) D:12            Elf (0/3) Orc:2        Vaults (1/5) D:14
 Depths (0/5) D:15

Altars:
Ashenzari
Cheibriados
Dithmenos
Elyvilon
Fedhas
Gozag
Hepliaklqana
Kikubaaqudgha
Makhleb
Nemelex Xobeh
Okawaru
Qazlal
Ru
Sif Muna
Trog
Uskayaw
Vehumet
Wu Jian
Xom
Yredelemnul
Zin
The Shining One
Beogh

Shops:
Orc:1 ?   Orc:2 *=[!   Snake:1 }   Snake:2 }==

Annotations:
Lair:4 exclusion: 2 oklob plants
Snake:1 Aizul
Snake:2 1 transporter


Innate Abilities, Weirdness & Mutations

You are too large for most types of armour.
((You have claws for hands.))
Your metabolism is lightning-fast.
You like to eat raw meat.
Your natural rate of healing is unusually fast.
((You are covered in fur. (AC +1)))
((You have very tough skin. (AC +2)))
((You have a pair of small antennae on your head.))
((Armour fits poorly on your strangely shaped body.))
Your spells are a little harder to cast, but a little more powerful.


Message History

You block the vault warden's attack.
The yaktaur hits you but does no damage.
The yaktaur hits you.
* * * LOW HITPOINT WARNING * * *
The yaktaur hits you!
* * * LOW HITPOINT WARNING * * *
You cannot move.
You hit the deep elf archer.
The deep elf archer is almost dead.
The deep elf archer hits you but does no damage.
The yaktaur hits you but does no damage. x2
You smack the deep elf archer!
You kill the deep elf archer!
You block the vault warden's attack.
The yaktaur hits you but does no damage.
Unknown command.
You feel better. You block the yaktaur's attack. x2
The yaktaur hits you but does no damage.
The vault warden hits you from afar with an enchanted halberd!!!
You die...

... #...#
....#############...#
................[...#
.............).([)..#
........######+#)...#
........#.....[#(...#
........#...p..#....#
........#ccc...#....#
####....#)♣)...#....#
#....#()[..(#....#
#....#......#...(#
#......#....#
#......#....#
########


You could see a vault warden and 3 yaktaurs.

Vanquished Creatures
  Kirke (Snake:3)
  9 nagarajas
  A frost giant (IceCv)
  3 vault wardens (Vaults:1)
  An orc warlord (D:12)
  An ironheart preserver (Vaults:1)
  The ghost of Thargor the Orderly, a journeyman DDFi of Makhleb (D:12)
  Snorg (Lair:5)
  The ghost of lis82 the Thaumaturge, a journeyman DEWz of Sif Muna (D:14)
  The ghost of Chuwanya the Fighter, a journeyman MiBe of Trog (Orc:2)
  An ogre mage (D:15)
  Harold (Lair:2)
  3 vault guards
  10 hydras
  A great orb of eyes (Slime:1)
  A rakshasa (D:15)
  15 naga warriors
  13 centaur warriors
  6 anacondas
  11 two-headed ogres
  4 catoblepae
  8 death yaks
  16 naga sharpshooters
  Sonja (Lair:1)
  4 shock serpents
  Nergalle (Lair:1)
  14 skeletal warriors
  4 salamander mystics (Snake:4)
  A wizard (D:10)
  4 unseen horrors
  10 naga ritualists
  5 deep trolls (Vaults:1)
  3 necromancers
  An ironbrand convoker (Vaults:1)
  A deep elf archer (Vaults:1)
  5 orc knights
  A wolf spider zombie (D:12)
  The ghost of Linguinho the Vexing, a novice GnAM (D:7)
  A wolf spider (Vaults:1)
  5 orc sorcerers
  13 ugly things
  2 deep elf magi (D:15)
  14 mana vipers
  A cyclops (D:11)
  3 centaur zombies
  A salamander (shapeshifter) (D:14)
  4 manticores
  An elephant (shapeshifter) (D:13)
  An ice statue (IceCv)
  4 salamanders
  34 black mambas
  6 elephants (Lair:4)
  18 naga magi
  2 vault sentinels (Vaults:1)
  8 guardian serpents
  2 gargoyles
  8 spiny frogs
  7 centaur skeletons
  2 efreet
  2 rime drakes
  4 kobold demonologists
  A freezing wraith (D:9)
  5 yaktaurs
  6 komodo dragons
  12 trolls
  14 polar bears
  A tyrant leech (Lair:2)
  A hornet (D:13)
  19 blink frogs
  12 hippogriffs
  A snapping turtle (shapeshifter) (D:15)
  Prince Ribbit (Lair:2)
  A slime creature (Lair:5)
  A shadow (D:14)
  3 wraiths
  88 yaks
  A water elemental (D:15)
  5 wyverns
  Sigmund (D:2)
  3 centaur simulacra
  19 humans
  3 fire bats (Lair:2)
  A hungry ghost (D:10)
  7 basilisks
  3 hogs (D:11)
  5 vampire mosquitoes
  A swamp worm (Lair:2)
  Menkaure (D:4)
  2 acid dragons (Vaults:1)
  7 wargs
  68 nagas
  9 water moccasins
  7 porcupines
  42 orc warriors
  4 black bears
  6 sky beasts
  8 ice beasts
  33 wolves
  17 ogres
  An eye of draining (D:14)
  5 phantoms
  27 centaurs
  13 crocodiles
  7 big kobolds
  An elf zombie (D:14)
  18 bullfrogs
  2 wyvern skeletons
  A hornet simulacrum (D:12)
  A water moccasin zombie (Ossuary)
  5 scorpions
  4 killer bees (D:10)
  2 howler monkeys (D:14)
  10 wights
  3 electric eels
  3 crimson imps
  2 bullfrog zombies
  A quasit (D:9)
  3 human zombies (D:14)
  A wyvern simulacrum (D:12)
  A bullfrog skeleton (D:11)
  6 hounds
  3 iron imps (D:5)
  10 jellies
  26 orc priests
  23 orc wizards
  2 iguanas
  A human skeleton (D:14)
  Crazy Yiuf (D:2)
  Natasha (thrice) (D:2)
  4 worker ants
  5 big kobold zombies (Ossuary)
  A bullfrog simulacrum (D:12)
  An ogre zombie (D:14)
  A hound zombie (D:8)
  3 hound skeletons
  5 mummies
  15 gnolls
  13 adders
  7 shadow imps
  14 white imps
  2 ufetubi (D:12)
  5 oozes
  2 adder skeletons
  An adder zombie (Ossuary)
  4 worms
  A dart slug (D:1)
  6 leopard geckos
  91 orcs
  2 giant cockroaches
  7 goblins
  8 hobgoblins
  11 jackals
  26 kobolds
  A quokka (D:6)
  2 ball pythons
  A ball python skeleton (D:3)
  5 bats
  6 frilled lizards
  3 gnoll zombies (Ossuary)
  A jackal skeleton (D:6)
  2 kobold zombies (Ossuary)
  A leopard gecko skeleton (D:4)
  An orc skeleton (D:14)
  4 orc zombies (Ossuary)
  A quokka zombie (D:6)
  10 rats
  A fungus (Lair:2)
  3 plants (Lair:5)
1191 creatures vanquished.

Vanquished Creatures (others)
  An ironbrand convoker (Vaults:1)
  4 humans (Snake:3)
  2 wolves (IceCv)
  An adder zombie (D:9)
  3 fungi
  5 plants
16 creatures vanquished.

Grand Total: 1207 creatures vanquished

Notes
Turn   | Place    | Note
-------+----------+-------------------------------------------
     0 | D:1      | Htamos the Troll Monk began the quest for the Orb.
     0 | D:1      | Reached XP level 1. HP: 22/22 MP: 0/0
   289 | D:1      | Reached XP level 2. HP: 29/29 MP: 1/1
   467 | D:1      | Reached skill level 4 in Unarmed Combat
   895 | D:2      | Noticed Natasha
   908 | D:2      | Noticed a crimson imp
   910 | D:2      | Killed Natasha
   910 | D:2      | Reached XP level 3. HP: 14/36 MP: 2/2
  1013 | D:2      | Reached skill level 5 in Unarmed Combat
  1013 | D:2      | Reached XP level 4. HP: 38/44 MP: 3/3
  1079 | D:2      | Noticed Natasha
  1090 | D:2      | Killed Natasha
  1199 | D:2      | Noticed Natasha
  1203 | D:2      | Killed Natasha
  1245 | D:2      | Found a runed door.
  1315 | D:2      | Reached XP level 5. HP: 49/50 MP: 4/4
  1426 | D:2      | Noticed Sigmund
  1443 | D:2      | Killed Sigmund
  1443 | D:2      | Reached skill level 6 in Unarmed Combat
  1443 | D:2      | Reached XP level 6. HP: 46/59 MP: 5/5
  1668 | D:2      | Noticed Crazy Yiuf
  1672 | D:2      | Killed Crazy Yiuf
  1672 | D:2      | Reached skill level 7 in Unarmed Combat
  2449 | D:3      | Found a shadowy altar of Dithmenos.
  2477 | D:3      | Reached skill level 8 in Unarmed Combat
  2477 | D:3      | Reached XP level 7. HP: 22/66 MP: 6/6
  2705 | D:4      | Noticed Menkaure
  2806 | D:4      | Killed Menkaure
  2829 | D:4      | Found a glowing golden altar of the Shining One.
  2933 | D:4      | Reached skill level 9 in Unarmed Combat
  3322 | D:5      | Entered Level 5 of the Dungeon
  3386 | D:5      | Reached XP level 8. HP: 59/74 MP: 7/7
  3437 | D:5      | Reached skill level 10 in Unarmed Combat
  3490 | D:5      | Found a burning altar of Makhleb.
  3542 | D:5      | Found a basalt altar of Yredelemnul.
  3652 | D:5      | Found a snail-covered altar of Cheibriados.
  3822 | D:5      | Found a sand-covered staircase.
  3827 | Ossuary  | Entered an ossuary
  3925 | Ossuary  | Reached skill level 11 in Unarmed Combat
  4467 | D:6      | Found a transporter.
  4472 | D:6      | Noticed a kobold demonologist
  4477 | D:6      | Found a transporter.
  4599 | D:6      | Found a staircase to the Ecumenical Temple.
  4621 | Temple   | Entered the Ecumenical Temple
  4950 | D:6      | Reached XP level 9. HP: 80/80 MP: 8/8
  5051 | D:6      | Reached skill level 12 in Unarmed Combat
  5231 | D:6      | Noticed an ice devil
  5232 | D:6      | Killed a kobold demonologist
  5422 | D:6      | Found an opulent altar of Gozag.
  5674 | D:7      | Reached skill level 13 in Unarmed Combat
  5785 | D:7      | Noticed Linguinho's ghost (novice GnAM)
  5799 | D:7      | Killed Linguinho's ghost
  5801 | D:7      | Found a sacrificial altar of Ru.
  5910 | D:7      | Reached XP level 10. HP: 80/89 MP: 9/9
  6279 | D:8      | Reached skill level 5 in Dodging
  6907 | D:8      | Found a stormy altar of Qazlal.
  7083 | D:9      | Found a radiant altar of Vehumet.
  7092 | D:9      | Found an ancient bone altar of Kikubaaqudgha.
  7100 | D:9      | Found a deep blue altar of Sif Muna.
  7299 | D:9      | Found a runed door.
  7338 | D:9      | Found the +7 great mace "Undeadhunter" {disrupt, rN+}
  7338 | D:9      | Noticed a centaur warrior
  7363 | D:9      | Killed a centaur warrior
  7363 | D:9      | Reached skill level 14 in Unarmed Combat
  7374 | D:9      | Found a staircase to the Lair.
  7454 | D:9      | Found an ornate altar of the Wu Jian Council.
  7655 | D:9      | Got fine fire dragon scales
  7666 | D:9      | Identified the +1 fire dragon scales of Kitireda {rElec rF++ rC- Dex+2} (You took it off an efreet on level 9 of the Dungeon)
  8328 | D:10     | Entered Level 10 of the Dungeon
  8506 | D:10     | Noticed a two-headed ogre
  8511 | D:10     | Killed a two-headed ogre
  8511 | D:10     | Reached XP level 11. HP: 78/97 MP: 10/10
  8758 | D:10     | Reached skill level 15 in Unarmed Combat
  8879 | D:11     | Noticed a cyan ugly thing
  8885 | D:11     | Killed a cyan ugly thing
  8921 | D:11     | Killed an unseen horror
  9093 | D:11     | Noticed a wizard
  9094 | D:11     | Noticed an orc sorcerer
  9124 | D:10     | Killed a wizard
  9137 | D:11     | Killed an orc sorcerer
  9241 | D:11     | Killed an unseen horror
  9454 | D:11     | Reached skill level 16 in Unarmed Combat
  9494 | D:11     | Noticed a two-headed ogre
  9501 | D:11     | Killed a two-headed ogre
  9643 | D:12     | Reached XP level 12. HP: 52/107 MP: 11/11
  9790 | D:12     | Noticed Thargor's ghost (journeyman DDFi)
 10149 | D:11     | Identified a scroll of acquirement
 10165 | D:12     | Killed Thargor's ghost
 10320 | D:12     | Found a sacrificial altar of Ru.
 10359 | D:12     | Reached skill level 17 in Unarmed Combat
 10621 | D:12     | Found a staircase to the Orcish Mines.
 10656 | D:12     | Noticed a two-headed ogre
 10671 | D:12     | Killed a two-headed ogre
 10674 | D:12     | Reached skill level 1 in Armour
 10931 | D:12     | Found a roughly hewn altar of Beogh.
 11076 | Orc:1    | Entered Level 1 of the Orcish Mines
 11291 | Orc:1    | Paralysed by an orc sorcerer for 2 turns
 11514 | Orc:1    | Noticed an orc warlord
 11535 | Orc:1    | Reached skill level 5 in Fighting
 11633 | D:12     | Killed an orc warlord
 11928 | Orc:1    | Found a roughly hewn altar of Beogh.
 12099 | Orc:2    | Entered Level 2 of the Orcish Mines
 12167 | Orc:2    | Noticed a two-headed ogre
 12172 | Orc:2    | Found a labyrinth entrance.
 12175 | Orc:2    | Killed a two-headed ogre
 12175 | Orc:2    | Reached skill level 18 in Unarmed Combat
 12175 | Orc:2    | Reached XP level 13. HP: 89/118 MP: 12/12
 12969 | Orc:2    | HP: 2/177 [orc warrior/bolt (24)]
 13035 | Orc:2    | Noticed Chuwanya's ghost (journeyman MiBe)
 13082 | Orc:2    | Killed Chuwanya's ghost
 13300 | Orc:2    | Found a staircase to the Elven Halls.
 13450 | Orc:2    | Found Quto's Jewellery Shoppe.
 13450 | Orc:2    | Found Ysouh's Armour Boutique.
 13452 | Orc:2    | Found Fiuc Hot's Distillery.
 13454 | Orc:2    | Found Jerutyet's General Store.
 13465 | Orc:2    | Bought 2 potions of heal wounds for 140 gold pieces
 13465 | Orc:2    | Bought a potion of heal wounds for 70 gold pieces
 13465 | Orc:2    | Bought a potion of lignification for 42 gold pieces
 13465 | Orc:2    | Bought a potion of heal wounds for 70 gold pieces
 13468 | Orc:2    | Bought a +3 ring of slaying for 630 gold pieces
 13472 | Orc:2    | Bought a potion of lignification for 42 gold pieces
 13492 | Orc:1    | Found Cyptu's Magic Scroll Boutique.
 13823 | D:13     | Identified the Tome of the Dark Traveller
 13886 | D:13     | Found a frozen archway.
 14018 | D:13     | Reached skill level 5 in Armour
 14018 | D:13     | Reached skill level 19 in Unarmed Combat
 14071 | IceCv    | Entered an ice cave
 14545 | IceCv    | Reached XP level 14. HP: 114/127 MP: 13/13
 14594 | IceCv    | Noticed a frost giant
 14612 | IceCv    | Killed a frost giant
 14678 | IceCv    | Identified Hitobus's Handbook of Captivating Stones
 14680 | IceCv    | Identified the Reference Book on Shifting Evil Rituals
 14957 | D:13     | HP: 9/192 [eight-headed hydra (3)]
 15355 | D:13     | Reached skill level 20 in Unarmed Combat
 15533 | D:14     | Found an ancient bone altar of Kikubaaqudgha.
 15912 | D:14     | Noticed lis82's ghost (journeyman DEWz)
 15978 | D:14     | Killed lis82's ghost
 16740 | D:14     | Reached skill level 1 in Shields
 16888 | D:14     | Found a gate to the Vaults.
 17001 | D:15     | Entered Level 15 of the Dungeon
 17063 | D:15     | Reached skill level 21 in Unarmed Combat
 17261 | D:15     | Learned a level 2 spell: Slow
 17265 | D:15     | Learned a level 3 spell: Confuse
 17269 | D:15     | Learned a level 3 spell: Tukima's Dance
 17274 | D:15     | Learned a level 4 spell: Cause Fear
 17328 | D:15     | Reached XP level 15. HP: 123/136 MP: 14/14
 17341 | D:15     | Reached skill level 1 in Hexes
 18155 | D:15     | Found a staircase to the Depths.
 18426 | Lair:1   | Entered Level 1 of the Lair of Beasts
 18592 | Lair:1   | Noticed Nergalle
 18597 | Lair:1   | Killed Nergalle
 18744 | Lair:1   | Noticed Sonja
 19335 | Lair:1   | Killed Sonja
 19674 | Lair:2   | Found a staircase to the Snake Pit.
 19676 | Lair:2   | Found a staircase to the Swamp.
 19774 | Lair:2   | Got a smoking jade ring
 19775 | Lair:2   | Identified the ring "Eqielop" {rPois rC+ Str+3 Int+4 Stlth-} (You found it on level 2 of the Lair of Beasts)
 19787 | Lair:2   | Noticed Prince Ribbit
 19791 | Lair:2   | Killed Prince Ribbit
 20123 | Lair:2   | Noticed Harold
 20132 | Lair:2   | Killed Harold
 21020 | Lair:4   | Reached skill level 5 in Shields
 21440 | Lair:4   | Reached skill level 5 in Hexes
 22093 | Lair:5   | Reached XP level 16. HP: 146/146 MP: 15/15
 22096 | Lair:5   | Reached skill level 22 in Unarmed Combat
 22272 | Lair:5   | Learned a level 2 spell: Ensorcelled Hibernation
 22340 | Lair:5   | Found a staircase to the Slime Pits.
 22383 | Slime:1  | Entered Level 1 of the Pits of Slime
 22394 | Slime:1  | Noticed an acid blob
 22445 | Slime:1  | Gained mutation: You are weak. (Str -2) [a shining eye]
 22971 | Lair:6   | Entered Level 6 of the Lair of Beasts
 23048 | Lair:6   | Noticed Snorg
 23087 | Lair:5   | Killed Snorg
 23815 | Lair:6   | Got a glittering zirconium amulet
 23816 | Lair:6   | Identified the amulet of Peizei {Regen+ Int+5} (You found it on level 6 of the Lair of Beasts)
 24530 | Snake:1  | Entered Level 1 of the Snake Pit
 25554 | Snake:1  | Found Fikisch's Gadget Emporium.
 25707 | Snake:2  | Found a transporter.
 25869 | Snake:2  | Found Kujag's Gadget Shoppe.
 25869 | Snake:2  | Found Duidexav's Jewellery Shop.
 25870 | Snake:2  | Found Unicius's Jewellery Shop.
 25896 | Snake:2  | Bought the ring "Hemukaal" {rPois Dex+2 SInv} for 601 gold pieces
 25903 | Snake:2  | Bought the ring of Udyczom {rElec MP+9 Dex+5 Stlth-} for 689 gold pieces
 26206 | Snake:2  | Found a transporter.
 26312 | Snake:2  | Reached XP level 17. HP: 154/154 MP: 16/16
 26431 | Snake:2  | Paralysed by the power of Zot for 3 turns
 26433 | Snake:2  | HP: 4/156 [black mamba (15)]
 26741 | Snake:3  | Noticed Kirke
 26750 | Snake:3  | Killed Kirke
 26750 | Snake:3  | Reached skill level 23 in Unarmed Combat
 26837 | Snake:3  | Noticed Aizul
 28529 | Snake:4  | Entered Level 4 of the Snake Pit
 29859 | Snake:4  | Paralysed by fainting for 11 turns
 30323 | Snake:4  | Lost mutation: You are weak. (Str -2) [potion of mutation]
 30323 | Snake:4  | Gained mutation: Armour fits poorly on your strangely shaped body. [potion of mutation]
 30323 | Snake:4  | Gained mutation: Your spells are a little harder to cast, but a little more powerful. [potion of mutation]
 30323 | Snake:4  | Gained mutation: You have a pair of small antennae on your head. [potion of mutation]
 30893 | Snake:4  | Reached XP level 18. HP: 171/174 MP: 17/17
 30913 | Snake:4  | Got a serpentine rune of Zot
 30968 | Snake:4  | Reached skill level 10 in Fighting
 31514 | Vaults:1 | Entered Level 1 of the Vaults
 32068 | Vaults:1 | HP: 5/268 [vault warden/enchanted halberd (26)]
 32072 | Vaults:1 | HP: 1/268 [yaktaur (11)]
 32075 | Vaults:1 | Annihilated by a vault warden

Skill      XL: |  1  2  3  4  5  6  7  8  9 10 11 12 13 14 15 16 17 18 |
---------------+-------------------------------------------------------+-----
Unarmed Combat | 4 5 6 8 9 11 13 14 16 18 19 21 22 23 | 23.2
Dodging        | 4 6 7 8 |  8.0
Fighting       | 3 4 5 6 9 11 | 11.1
Armour         | 3 5 6 7 9 |  9.5
Shields        | 1 5 8 9 |  9.0
Hexes          | 5 |  5.9
Stealth        | |  1.0

Action                   |  1- 3 |  4- 6 |  7- 9 | 10-12 | 13-15 | 16-18 || total
-------------------------+-------+-------+-------+-------+-------+-------++-------
Melee: Unarmed           |    65 |   122 |   312 |   732 |  1256 |  1336 ||  3823
       Punch             |     2 |     9 |    21 |    57 |    55 |       ||   144
       Scimitar          |       |       |       |       |    11 |    32 ||    43
Evoke: Wand              |       |       |    10 |     2 |    27 |     9 ||    48
  Use: Scroll            |       |       |    18 |    11 |    13 |    17 ||    59
       Potion            |       |       |       |     5 |    25 |    23 ||    53
 Stab: Sleeping          |       |     3 |     2 |     1 |     2 |       ||     8
       Distracted        |       |       |     1 |       |     1 |       ||     2
  Eat: Chunk             |    12 |    14 |    30 |    60 |    83 |    35 ||   234
       Ration            |       |       |     1 |       |     1 |    15 ||    17
Armor: Robe              |    21 |    34 |    78 |    37 |       |       ||   170
       Fire dragon scale |       |       |       |   195 |       |       ||   195
       Skin              |       |       |       |    33 |    47 |    54 ||   134
       Troll leather arm |       |       |       |    25 |   360 |   221 ||   606
Dodge: Dodged            |    25 |    52 |   127 |   336 |   687 |   493 ||  1720
Block: Shield            |       |       |       |       |   304 |   804 ||  1108
       Rpst.: Scimitar   |       |       |       |       |       |     6 ||     6
